 Dungeon Crawl Stone Soup version 0.21.1-1-g345015f (webtiles) character file.

119 Supreme the Conjurer (level 4, -5/24 HPs)
             Began as a Deep Elf Conjurer on Apr 10, 2018.
             Killed from afar by an orc wizard (7 damage)
             ... with a magic dart
             ... on level 6 of the Dungeon.
             The game lasted 00:18:12 (1269 turns).

Supreme the Conjurer (Deep Elf Conjurer)            Turns: 1269, Time: 00:18:12

Health: -5/24      AC:  5    Str:  5    XL:     4   Next: 73%
Magic:  1/12       EV: 13    Int: 21    God:
Gold:   228        SH:  0    Dex: 15    Spells: 1/11 levels left

rFire    . . .     SeeInvis .   i - -3 rapier (curse)
rCold    . . .     Gourm    .   (no shield)
rNeg     . . .     Faith    .   t - +0 robe
rPois    .         Spirit   .   g - +2 hat
rElec    .         Reflect  .   (no cloak)
rCorr    .         Harm     .   a - +0 pair of gloves
MR       .....                  (no boots)
Stlth    ++........             (no amulet)
HPRegen  0.08/turn              (no ring)
MPRegen  0.13/turn              (no ring)

@: no status effects
A: no striking features
a: no special abilities


You were on level 6 of the Dungeon.
You were not hungry.

You visited 1 branch of the dungeon, and saw 6 of its levels.

You collected 228 gold pieces.

Inventory:

Hand Weapons
 h - a +0 whip
 i - a cursed -3 rapier (weapon)
 j - a +0 spear
 k - a +0 whip
 l - a +0 dagger
 n - a +0 hunting sling
 o - a +1 dagger of flaming
 p - a +0 whip
 r - a +0 dagger
 w - a +0 dagger
Missiles
 d - 122 stones (quivered)
Armour
 a - a +0 pair of gloves (worn)
 g - a +2 hat (worn)
 t - a +0 robe (worn)
Scrolls
 f - a scroll of identify {unknown}
 m - 5 scrolls of remove curse {unknown}
 q - 3 scrolls of teleportation {unknown}
 v - a scroll of magic mapping {unknown}
Potions
 e - a potion of flight {unknown}
 s - a potion of haste {unknown}
 u - 5 potions of curing {unknown}
 x - a potion of resistance {unknown}
Books
 b - a book of Conjurations

   Spells                             Type                      Level
   a - Magic Dart                     Conjuration                  1
   b - Searing Ray                    Conjuration                  2
   c - Dazzling Spray                 Conjuration/Hexes            3
   d - Fulminant Prism                Conjuration/Hexes            4
   e - Force Lance                    Conjuration/Translocation    4
   f - Iskenderun's Mystic Blast      Conjuration                  4
Comestibles
 c - 4 rations


   Skills:
 - Level 2.4 Dodging
 - Level 2.4 Stealth
 + Level 4.0 Spellcasting
 + Level 6.3 Conjurations
 + Level 0.1 Hexes


You had one spell level left.
You knew the following spells:

 Your Spells              Type           Power        Failure   Level  Hunger
a - Magic Dart            Conj           ####         1%          1    None
b - Searing Ray           Conj           ####..       1%          2    #......
c - Dazzling Spray        Conj/Hex       ###...       10%         3    ###....
d - Iskenderun's Mystic   Conj           ####....     9%          4    ####...


Dungeon Overview and Level Annotations

Branches:
Dungeon (6/15)
 Temple: D:4-7

Altars:

Shops:
D:5 (%


Message History

The orc wizard gestures wildly while chanting.
The orc wizard blinks!
You hit the orc.
The orc is almost dead.
The orc hits you but does no damage.
The orc wizard gestures at you while chanting.
The magic dart hits you!
* * * LOW HITPOINT WARNING * * *
You hit the orc.
You kill the orc!
Your Spellcasting skill increases to level 4!
The orc wizard gestures at you while chanting.
You resist with some effort.
Things that are here:
a dagger; a leather armour The orc wizard barely misses you.
You see here an orc corpse.
The orc wizard casts a spell at you. The magic dart hits you!
You die...

.# .# .#
###.#
#####<#.#
#.......#
#)###.###
#o###.#
#%†@..#
......>######
...####


You could see an orc wizard.

Vanquished Creatures
  An orc priest (D:6)
  Jessica (D:2)
  2 adders (D:2)
  A dart slug (D:1)
  2 leopard geckos (D:2)
  3 orcs (D:6)
  3 bats
  2 giant cockroaches (D:1)
  2 goblins (D:1)
  5 hobgoblins
  2 quokkas (D:2)
  5 frilled lizards
  7 kobolds
  2 rats
38 creatures vanquished.

Notes
Turn   | Place    | Note
-------+----------+-------------------------------------------
     0 | D:1      | Supreme the Deep Elf Conjurer began the quest for the Orb.
     0 | D:1      | Reached XP level 1. HP: 10/10 MP: 6/6
     1 | D:1      | Noticed a ghoul
     2 | D:1      | Noticed a formicid
     4 | D:1      | Noticed an ogre
     4 | D:1      | Noticed an elf
     6 | D:1      | Noticed a gargoyle
     6 | D:1      | Noticed a demonspawn
    10 | D:1      | Noticed a minotaur
    10 | D:1      | Noticed an octopode
    12 | D:1      | Noticed a halfling
    12 | D:1      | Noticed a tengu
    14 | D:1      | Noticed a vampire
    14 | D:1      | Noticed a draconian
    16 | D:1      | Noticed a naga
    16 | D:1      | Noticed a felid
    18 | D:1      | Noticed a demigod
    20 | D:1      | Noticed a human
    20 | D:1      | Noticed a troll
    22 | D:1      | Noticed a vine stalker
    22 | D:1      | Noticed a centaur
    24 | D:1      | Noticed a merfolk
    24 | D:1      | Noticed a spriggan
    26 | D:1      | Noticed a dwarf
   131 | D:2      | Reached XP level 2. HP: 15/15 MP: 2/8
   135 | D:2      | Learned a level 2 spell: Searing Ray
   185 | D:1      | Reached skill level 5 in Conjurations
   352 | D:2      | Reached XP level 3. HP: 19/19 MP: 2/9
   380 | D:2      | Noticed Jessica
   394 | D:2      | Killed Jessica
   594 | D:1      | Reached XP level 4. HP: 24/24 MP: 9/11
   599 | D:1      | Learned a level 3 spell: Dazzling Spray
   604 | D:1      | Learned a level 4 spell: Iskenderun's Mystic Blast
   788 | D:2      | Reached skill level 6 in Conjurations
  1190 | D:5      | Entered Level 5 of the Dungeon
  1190 | D:5      | Found Otygeu's Weapon Shoppe.
  1218 | D:5      | Found Moatynydda's Food Emporium.
  1269 | D:6      | Killed from afar by an orc wizard

Skill      XL: |  1  2  3  4 |
---------------+-------------+-----
Conjurations   | 5 6 |  6.3
Spellcasting   | 4 |  4.0
Dodging        | |  2.4
Stealth        | |  2.4
Hexes          | |  0.1

Action                   |  1- 3 |  4- 6 || total
-------------------------+-------+-------++-------
Melee: Short sword       |    10 |       ||    10
       Rapier            |     2 |    10 ||    12
 Cast: Magic Dart        |    47 |    11 ||    58
       Dazzling Spray    |       |     2 ||     2
       Searing Ray       |       |     1 ||     1
 Stab: Sleeping          |     4 |     3 ||     7
  Eat: Chunk             |       |     1 ||     1
Armor: Robe              |     3 |     7 ||    10
Dodge: Dodged            |    21 |     8 ||    29
